 Dungeon Crawl Stone Soup version 0.29-a0-477-g62b78b4225 (webtiles) character file.

Game seed: 10536535060268693452

62 lunkers the Grave Robber (level 3, -1/24 HPs)
             Began as a Vampire Necromancer on May 24, 2022.
             Killed from afar by an orc wizard (8 damage)
             ... with a puff of flame
             ... on level 3 of the Dungeon.
             The game lasted 00:02:08 (1765 turns).

lunkers the Grave Robber (Vampire Necromancer)      Turns: 1765, Time: 00:02:09

Health: -1/24      AC:  2    Str:  7    XL:     3   Next: 85%
Magic:  1/7        EV: 12    Int: 19    God:
Gold:   82         SH:  0    Dex: 14    Spells: 6/7 levels left

rFire   . . .      SeeInvis +   i - +2 short sword (drain)
rCold   . . .      Faith    .   (no shield)
rNeg    . . .      Spirit   .   a - +0 robe
rPois   .          Reflect  .   (no helmet)
rElec   .          Harm     .   (no cloak)
rCorr   .          Rampage  .   (no gloves)
Will    .....                   (no boots)
Stlth   ++........              (no amulet)
HPRegen 0.28/turn               (no ring)
MPRegen 0.10/turn               (no ring)

@: healing quickly
A: alive, fangs 3, see invisible, vampiric 2
a: Exsanguinate


You were on level 3 of the Dungeon.
You visited 1 branch of the dungeon, and saw 3 of its levels.

You collected 82 gold pieces.

Inventory:

Hand Weapons
 i - a +2 short sword of draining (weapon)
Armour
 a - a +0 robe (worn)
Magical Staves
 f - a staff of air
Scrolls
 c - 2 scrolls of identify {unknown}
 g - a scroll of silence {unknown}
 j - a scroll of brand weapon {unknown}
 k - 2 scrolls of teleportation {unknown}
 l - a scroll of summoning {unknown}
 m - a scroll of vulnerability {unknown}
Potions
 b - a potion of magic
 d - a potion of flight {unknown}
 e - 3 potions of brilliance {unknown}
 h - 2 potions of mutation {unknown}


   Skills:
 - Level 2.1 Dodging
 - Level 3.0 Stealth
 + Level 2.7 Spellcasting
 * Level 5.6 Necromancy


You had 6 spell levels left.
You knew the following spells:

 Your Spells              Type           Power      Damage    Failure   Level
a - Necrotize             Necr           92%        1d8       1%          1

Your spell library contained the following spells:

 Spells                   Type           Power      Damage    Failure   Level
 Vampiric Draining        Necr           23%        2d7       4%          3
 Animate Dead             Necr           23%        N/A       16%         4
 Agony                    Necr           23%        N/A       41%         5


Dungeon Overview and Level Annotations

Branches:
Dungeon (3/15)

Altars:


Innate Abilities, Weirdness & Mutations

Your natural rate of healing is accelerated.
You have razor-sharp teeth.
You have supernaturally acute eyesight. (SInv)
You are afflicted with vampirism and can become a bat while bloodless.


Message History

You hit the orc. You drain the orc.
You kill the orc!
Your bat skeleton crumbles into dust!
The orc wizard hits you with a +0 dagger.
You hit the orc wizard but do no damage.
You drain the orc wizard.
You kill the orc wizard!
Your magical contamination has completely faded away.
You closely miss the orc wizard.
The orc wizard hits you with a +0 dagger.
You closely miss the orc wizard. The orc wizard casts a spell at you.
The puff of flame hits you!
Ouch! That really hurt!
* * * LOW HITPOINT WARNING * * *
Casting: Necrotize (safe; 1% risk of failure)
Confirm with . or Enter, or press ? or * to list all spells.
Aiming: Necrotize (safe; 1% risk of failure)
Press: ? - help, Shift-Dir - straight line, f - orc wizard
Aim: an orc wizard, wielding a +0 dagger and wearing a +0 robe (slightly transparent, chance to affect: 81%)
The orc wizard writhes in agony.
* * * LOW MAGIC WARNING * * *
The orc wizard hits you with a +0 dagger.
* * * LOW HITPOINT WARNING * * *
Casting: Necrotize (safe; 1% risk of failure)
Confirm with . or Enter, or press ? or * to list all spells.
Okay, then.
The orc wizard points at you and mumbles some strange words.
You are confused.
Unknown command.
You bump into the rock wall.
The orc wizard attacks as you move away!
The orc wizard closely misses you.
The orc wizard attacks as you move away!
The orc wizard hits you with a +0 dagger.
* * * LOW HITPOINT WARNING * * *
You feel less confused. The orc wizard casts a spell at you.
The puff of flame hits you!
You die...

#...............##
######...######..)
#.### #.....# #.#
#)#.... ##.# #
##...
##..#####..##..
####[..†.......##.
#.'...8..>..8.. +.
#@##...........###
#.###..#####..##..
..#####o# ##.# #
##...
........####+#...#
#....
....###....)......
##..< ≈.
#####)...... #...
...)... ##.#
###(### #. # #.


You could see an orc wizard (invisible).

Vanquished Creatures
  An orc wizard (D:3)
  An adder (D:2)
  A dart slug (D:3)
  3 orcs (D:3)
  An endoplasm (D:2)
  2 goblins
  2 jackals (D:2)
  2 quokkas
  5 ball pythons
  2 bats
  3 kobolds
  2 rats
25 creatures vanquished.

Notes
Turn   | Place    | Note
-------+----------+-------------------------------------------
     0 | D:1      | lunkers the Vampire Necromancer began the quest for the
                  | Orb.
     0 | D:1      | Reached XP level 1. HP: 13/13 MP: 3/3
  1215 | D:2      | Reached XP level 2. HP: 19/19 MP: 1/5
  1286 | D:2      | Reached skill level 5 in Necromancy
  1628 | D:3      | Gained mutation: You are afflicted with vampirism and can
                  | become a bat while bloodless. [Vampire growth]
  1628 | D:3      | Reached XP level 3. HP: 16/24 MP: 2/6
  1765 | D:3      | Killed from afar by an orc wizard

Illustrated notes

Levels and vault maps discovered:
D:1:      saegor_arrival_simple_d, layout_basic, serial_forest,
          infiniplex_forest_zigzag_1, infiniplex_forest_clump_diagonal,
          infiniplex_forest_lined_2, infiniplex_forest_clump_curved,
          infiniplex_forest_straight_4, infiniplex_forest_clump_tiny,
          infiniplex_forest_clump_large, infiniplex_forest_end_1,
          infiniplex_forest_end_3, infiniplex_forest_lined_room_,
          minmay_misc_feat_square
D:2:      layout_rooms
D:3:      cheibrodos_helix_gallery, layout_basic,
          hellmonk_ecumenical_altar_heavens_door, grunt_ministairs_15,
          chequers_big_river, minmay_joined_circles

Skill      XL: |  1  2 |
---------------+-------+-----
Necromancy     | 5 |  5.6
Dodging        | |  2.1
Stealth        | |  3.0
Spellcasting   | |  2.7

Action                   || total
-------------------------++-------
Melee: Staff             ||     9
       Bite              ||     1
       Short sword       ||     6
 Cast: Necrotize         ||    39
Armor: Robe              ||     2
Dodge: Dodged            ||    12

Table legend: (Time is in decaauts)
 A = Elapsed time spent in this place.
 B = Non-inter-level travel time spent in this place.
 C = Inter-level travel time spent in this place.
 D = Time resting spent in this place.
 E = Time spent auto-exploring this place.
 F = Levels seen in this place.
 G = Mean time per level.
                   A        B        C        D        E       F      G
               +--------+--------+--------+--------+--------+-----+--------+
         Total |   1767 |   1683 |     84 |      0 |   1515 |   3 |  589.0 |
       Dungeon |   1767 |   1683 |     84 |      0 |   1515 |   3 |  589.0 |
               +--------+--------+--------+--------+--------+-----+--------+

Top non-repeatable levels by time:
     D:1: 1149 daAuts
     D:2: 423 daAuts
     D:3: 194 daAuts
